 Seeded DCSS version 0.28-a0-1629-gf728b707aa (webtiles) character file.

Game seed: 15814994978132999474 (custom seed)

12814 wilfster70 the Frost Mage (level 11, -17/84 HPs)
             Began as a Gnoll Ice Elementalist on Jan 23, 2022.
             Was an Initiate of Gozag.
             Shot with an arrow by a centaur warrior (21 damage)
             ... on level 10 of the Dungeon on Jan 24, 2022.
             The game lasted 00:33:57 (12144 turns).

wilfster70 the Frost Mage (Gnoll Ice Elementalist) Turns: 12144, Time: 00:33:58

Health: -17/84     AC: 14    Str: 11    XL:     11   Next: 99%
Magic:  24/24      EV: 15    Int: 19    God:    Gozag
Gold:   1018       SH:  0    Dex: 13    Spells: 7/28 levels left

rFire   + . .      SeeInvis .   a - +3 trident (venom)
rCold   . . .      Faith    .   (no shield)
rNeg    + . .      Spirit   .   j - +7 leather armour of Distant Shores {rN+}
rPois   .          Reflect  .   (no helmet)
rElec   .          Harm     .   (no cloak)
rCorr   +          Rampage  .   D - +2 pair of gloves of the Well-Known Places {Will+}
Will    ++...                   (no boots)
Stlth   ++++......              (no amulet)
HPRegen 0.24/turn               w - ring of wizardry
MPRegen 0.19/turn               c - ring of the Camelopard {rF+ rCorr Str+4}

@: gold aura
A: fangs 1, strong nose, distributed training, strong-willed 1
a: Renounce Religion, Potion Petition, Call Merchant, Bribe Branch


You were on level 10 of the Dungeon.
You worshipped Gozag.
Gozag was most pleased with you.
You visited 2 branches of the dungeon, and saw 13 of its levels.
You also visited: Bailey.

You collected 2272 gold pieces.
You spent 672 gold pieces at shops.
You paid 582 gold pieces to Gozag.

Inventory:

Hand Weapons
 a - a +3 trident of venom (weapon)
 b - a +2 scimitar of flaming
Missiles
 e - 30 poisoned darts
 A - 8 datura-tipped darts
 B - 18 boomerangs
Armour
 h - the +0 kite shield "Naneric" {Slay+3}
   (You took it off a goblin on level 2 of the Dungeon)

   Slay:      It affects your accuracy & damage with ranged weapons and melee
   (+3).
 j - the +7 leather armour of Distant Shores (worn) {rN+}
   (You found it on level 3 of the Dungeon)

   rN:        It protects you from negative energy.
 D - the +2 pair of gloves of the Well-Known Places (worn) {Will+}
   (You found it on level 11 of the Dungeon)

   Will:      It increases your willpower.
Jewellery
 c - the ring of the Camelopard (right hand) {rF+ rCorr Str+4}
   (You found it on level 6 of the Dungeon)

   [ring of protection from fire]

   Str:       It affects your strength (+4).
   rF:        It protects you from fire.
   rCorr:     It protects you from acid and corrosion.
 g - a ring of positive energy
 s - a ring of ice
 w - a ring of wizardry (left hand)
Wands
 q - a wand of polymorph (7)
 v - a wand of acid (8)
 z - a wand of paralysis (1)
Scrolls
 k - 2 scrolls of amnesia
 r - 4 scrolls of identify
 u - 2 scrolls of fear
 y - a scroll of blinking
 C - a scroll of fog
Potions
 d - a potion of brilliance
 f - 6 potions of curing
 i - 3 potions of magic
 l - 3 potions of might
 m - 3 potions of heal wounds
 n - a potion of haste
 o - 2 potions of mutation
 p - a potion of flight
 t - a potion of ambrosia
 x - a potion of cancellation


   Skills:
 + Level 7.5 Fighting
 + Level 7.5 Short Blades
 + Level 7.5 Long Blades
 + Level 7.5 Axes
 + Level 7.5 Maces & Flails
 + Level 7.5 Polearms
 + Level 7.5 Staves
 + Level 7.5 Slings
 + Level 7.5 Bows
 + Level 7.5 Crossbows
 + Level 7.5 Throwing
 + Level 7.5 Armour
 + Level 8.9 Dodging
 + Level 8.6 Stealth
 + Level 7.5 Shields
 + Level 7.5 Unarmed Combat
 + Level 9.1 Spellcasting
 + Level 6.2 Conjurations
 + Level 6.2 Hexes
 + Level 6.2 Summonings
 + Level 6.2 Necromancy
 + Level 6.2 Translocations
 + Level 6.2 Transmutations
 + Level 6.2 Fire Magic
 + Level 9.5 Ice Magic
 + Level 6.2 Air Magic
 + Level 6.2 Earth Magic
 + Level 6.2 Poison Magic
 + Level 8.2 Invocations
 + Level 7.5 Evocations


You had 7 spell levels left.
You knew the following spells:

 Your Spells              Type           Power      Damage    Failure   Level
a - Blink                 Tloc           64%        N/A       1%          2
b - Frozen Ramparts       Ice            90%        1d11      1%          3
c - Ozocubu's Armour      Ice            45%        N/A       1%          3
d - Sticky Flame          Conj/Fire      32%        2d5       3%          4
e - Summon Lightning Spi  Summ/Air       32%        N/A       3%          4
f - Borgnjor's Vile Clut  Necr/Erth      16%        N/A       9%          5

Your spell library contained the following spells:

 Spells                   Type           Power      Damage    Failure   Level
 Freeze                   Ice            100%       1d11      1%          1
 Sandblast                Erth           64%        2d14      1%          1
 Ensorcelled Hibernation  Hex/Ice        76%        N/A       1%          2
 Passwall                 Tmut/Erth      26%        N/A       1%          2
 Static Discharge         Conj/Air       32%        N/A       1%          2
 Gell's Gravitas          Tloc           32%        N/A       1%          3
 Lesser Beckoning         Tloc           32%        N/A       1%          3
 Spider Form              Tmut/Pois      32%        N/A       1%          3
 Stone Arrow              Conj/Erth      64%        3d11      1%          3
 Swiftness                Air            32%        N/A       1%          3
 Teleport Other           Tloc           32%        N/A       1%          3
 Hailstorm                Conj/Ice       38%        3d9       1%          4
 Airstrike                Air            16%        N/A       3%          4
 Anguish                  Hex/Necr       16%        N/A       3%          4
 Dispel Undead            Necr           32%        3d14      3%          4
 Olgreb's Toxic Radiance  Pois           32%        N/A       3%          4
 Lightning Bolt           Conj/Air       16%        1d30      9%          5
 Death Channel            Necr           16%        N/A       43%         6
 Ozocubu's Refrigeration  Ice            22%        4d9       52%         7
 Haunt                    Necr/Summ      16%        N/A       92%         7
 Borgnjor's Revivificati  Necr           16%        N/A       100%        8
 Ignition                 Fire           16%        3d6       100%        8
 Necromutation            Tmut/Necr      16%        N/A       100%        8
 Death's Door             Necr           16%        N/A       100%        9


Dungeon Overview and Level Annotations

Branches:
Dungeon (12/15)            Temple (1/1) D:7            Lair (0/6) D:10
    Orc (0/2) D:9          Bailey (visited)

Altars:
Ashenzari
Cheibriados
Dithmenos
Elyvilon
Fedhas
Gozag
Hepliaklqana
Kikubaaqudgha
Makhleb
Nemelex Xobeh
Okawaru
Qazlal
Ru
Sif Muna
Trog
Uskayaw
Vehumet
Wu Jian
Xom
Yredelemnul
Zin
The Shining One
Beogh

Shops:
D:2 [   D:6 *=   D:10 :(


Innate Abilities, Weirdness & Mutations

You have very sharp teeth.
Your uncanny sense of smell can sniff out nearby items.
Your experience applies equally to all skills.
You are strong-willed. (Will+)


Message History

The vampire mosquito closely misses you.
The wall freezes the vampire mosquito.
The vampire mosquito misses you.
You completely miss the vampire mosquito.
You punch the vampire mosquito, but do no damage.
Your bite misses the vampire mosquito.
The vampire mosquito is moderately damaged.
The wall freezes the vampire mosquito.
The vampire mosquito closely misses you.
The wall freezes the vampire mosquito.
The vampire mosquito misses you.
You hit the vampire mosquito.
The vampire mosquito is severely damaged.
The wall freezes the vampire mosquito.
The vampire mosquito misses you.
The wall freezes the vampire mosquito.
You destroy the vampire mosquito!
Your frozen ramparts will break if you move.
Continue?
Okay, then.
The wall freezes the slime creature!
The wall freezes the slime creature!
You puncture the slime creature!
The slime creature is heavily wounded.
The wall freezes the slime creature.
The slime creature barely misses you.
You puncture the slime creature!
The slime creature is severely wounded.
You hit the slime creature. You bite the slime creature.
The slime creature is severely wounded.
The wall freezes the slime creature!
The slime creature hits you.
You puncture the slime creature!
You kill the slime creature!
The frozen ramparts melt away as you move.
You now have 1018 gold pieces (gained 15).
The centaur warrior wields a +0 longbow.
The centaur warrior shoots an arrow.
The arrow hits you!
The centaur warrior shoots an arrow.
The arrow hits you!
You hear a shout!
The centaur warrior shoots an arrow.
The arrow hits you!
The centaur warrior shoots an arrow.
The arrow hits you!!
* * * LOW HITPOINT WARNING * * *
The centaur warrior shoots an arrow.
The arrow hits you!!
You die...
Your body crumbles into a pile of gold.

.##...##########.#
.##.##..##..##...# $
.##.##..##..##...#
.##...##..##..##.# #
.##...##..##..##.# #.#
###.##..##..##...##...#..
. #.##..##..##...c.cg....
.##...##..##..##.##...#..
#...##..##..##@# #.#
#.##..##..##...# #
#.##..##..##...#
#...##..##..####
#...##..##..#
#############


You could see a centaur warrior.

Vanquished Creatures
  2 two-headed ogres (D:10)
  Pikel (D:8)
  A gargoyle (D:10)
  An efreet (D:9)
  3 trolls
  A slime creature (D:10)
  A shadow (D:11)
  A vampire (D:9)
  A wraith (D:9)
  3 steam dragons
  4 vampire mosquitoes (D:10)
  Edmund (D:6)
  2 ice beasts
  11 orc warriors
  A sky beast (D:8)
  3 black bears
  A necrophage (D:5)
  2 ogres
  6 centaurs
  A lemure (D:8)
  7 kobold brigands
  Blork the orc (D:5)
  4 bullfrogs
  2 scorpions
  12 killer bees
  7 howler monkeys
  8 wights
  6 centaur zombies
  2 jellies (D:5)
  8 orc priests
  A centaur skeleton (D:5)
  A hound (D:5)
  Jessica (D:3)
  4 iguanas
  9 orc wizards
  4 gnolls
  8 adders
  2 shadow imps
  2 white imps
  An ufetubus (D:5)
  An adder zombie (D:5)
  An adder skeleton (D:5)
  A worm (D:2)
  3 dart slugs
  40 orcs
  4 bats
  4 endoplasms
  4 giant cockroaches
  12 goblins
  9 hobgoblins
  6 jackals (D:1)
  5 quokkas
  5 ball pythons
  4 frilled lizards
  22 kobolds
  5 rats
263 creatures vanquished.

Vanquished Creatures (collateral kills)
  A two-headed ogre (D:8)
  A centaur zombie (D:10)
2 creatures vanquished.

Grand Total: 265 creatures vanquished

Notes
Turn   | Place    | Note
-------+----------+-------------------------------------------
     0 | D:1      | wilfster70 the Gnoll Ice Elementalist began the quest for
                  | the Orb.
     0 | D:1      | Reached XP level 1. HP: 13/13 MP: 6/6
   462 | D:1      | Found a faded altar of an unknown god.
   494 | D:1      | Reached XP level 2. HP: 18/19 MP: 5/7
   825 | D:1      | Reached XP level 3. HP: 25/25 MP: 7/9
   830 | D:1      | Reached skill level 5 in Spellcasting
   875 | D:1      | Learned a level 3 spell: Frozen Ramparts
   879 | D:1      | Learned a level 3 spell: Ozocubu's Armour
  1213 | D:1      | Reached skill level 1 in Invocations
  1508 | D:2      | Found Seluut's Armour Shop.
  1574 | D:2      | Reached skill level 1 in Fighting
  1574 | D:2      | Reached skill level 1 in Short Blades
  1574 | D:2      | Reached skill level 1 in Long Blades
  1574 | D:2      | Reached skill level 1 in Axes
  1574 | D:2      | Reached skill level 1 in Maces & Flails
  1574 | D:2      | Reached skill level 1 in Polearms
  1574 | D:2      | Reached skill level 1 in Staves
  1574 | D:2      | Reached skill level 1 in Slings
  1574 | D:2      | Reached skill level 1 in Bows
  1574 | D:2      | Reached skill level 1 in Crossbows
  1574 | D:2      | Reached skill level 1 in Throwing
  1574 | D:2      | Reached skill level 1 in Armour
  1574 | D:2      | Reached skill level 1 in Shields
  1574 | D:2      | Reached skill level 1 in Unarmed Combat
  1574 | D:2      | Reached skill level 1 in Evocations
  1778 | D:2      | Reached XP level 4. HP: 32/32 MP: 7/11
  1798 | D:2      | Identified the +0 kite shield "Naneric" {Slay+3}
  2301 | D:3      | Reached skill level 1 in Conjurations
  2301 | D:3      | Reached skill level 1 in Hexes
  2301 | D:3      | Reached skill level 1 in Summonings
  2301 | D:3      | Reached skill level 1 in Necromancy
  2301 | D:3      | Reached skill level 1 in Translocations
  2301 | D:3      | Reached skill level 1 in Transmutations
  2301 | D:3      | Reached skill level 1 in Fire Magic
  2301 | D:3      | Reached skill level 1 in Air Magic
  2301 | D:3      | Reached skill level 1 in Earth Magic
  2301 | D:3      | Reached skill level 1 in Poison Magic
  2334 | D:3      | Noticed Jessica
  2340 | D:3      | Killed Jessica
  2341 | D:3      | Reached XP level 5. HP: 37/37 MP: 8/12
  2354 | D:3      | Got Jessica's Papyrus of Dislocation
  2501 | D:3      | Identified the +7 leather armour of Distant Shores {rN+}
  3503 | D:4      | Noticed an orc warrior
  3504 | D:4      | Noticed a black bear
  3522 | D:4      | Killed an orc warrior
  3523 | D:4      | Reached skill level 5 in Dodging
  3523 | D:4      | Reached XP level 6. HP: 26/44 MP: 7/14
  3524 | D:4      | Killed a black bear
  3773 | D:4      | Reached XP level 7. HP: 50/50 MP: 11/15
  3837 | D:4      | Gained mutation: You are strong-willed. (Will+) [potion of
                  | mutation]
  4393 | D:5      | Entered Level 5 of the Dungeon
  4730 | D:5      | Reached skill level 5 in Fighting
  4730 | D:5      | Reached skill level 5 in Short Blades
  4730 | D:5      | Reached skill level 5 in Long Blades
  4730 | D:5      | Reached skill level 5 in Axes
  4730 | D:5      | Reached skill level 5 in Maces & Flails
  4730 | D:5      | Reached skill level 5 in Polearms
  4730 | D:5      | Reached skill level 5 in Staves
  4730 | D:5      | Reached skill level 5 in Slings
  4730 | D:5      | Reached skill level 5 in Bows
  4730 | D:5      | Reached skill level 5 in Crossbows
  4730 | D:5      | Reached skill level 5 in Throwing
  4730 | D:5      | Reached skill level 5 in Armour
  4730 | D:5      | Reached skill level 5 in Shields
  4730 | D:5      | Reached skill level 5 in Unarmed Combat
  4730 | D:5      | Reached skill level 5 in Invocations
  4730 | D:5      | Reached skill level 5 in Evocations
  4730 | D:5      | Reached XP level 8. HP: 62/62 MP: 15/18
  4731 | D:5      | Reached skill level 5 in Conjurations
  4731 | D:5      | Reached skill level 5 in Hexes
  4731 | D:5      | Reached skill level 5 in Summonings
  4731 | D:5      | Reached skill level 5 in Necromancy
  4731 | D:5      | Reached skill level 5 in Translocations
  4731 | D:5      | Reached skill level 5 in Transmutations
  4731 | D:5      | Reached skill level 5 in Fire Magic
  4731 | D:5      | Reached skill level 5 in Air Magic
  4731 | D:5      | Reached skill level 5 in Earth Magic
  4731 | D:5      | Reached skill level 5 in Poison Magic
  4731 | D:5      | Reached XP level 9. HP: 69/69 MP: 15/21
  4735 | D:5      | Learned a level 2 spell: Blink
  5415 | D:5      | Upgraded the game from 0.28-a0-1624-g820543e53a to
                  | 0.28-a0-1629-gf728b707aa
  5436 | D:6      | Noticed Blork the orc
  5462 | D:5      | Killed Blork the orc
  5729 | D:6      | Identified the ring of the Camelopard {rF+ rCorr Str+4}
  5829 | D:6      | Noticed Edmund
  5838 | D:6      | Killed Edmund
  5899 | D:6      | Reached XP level 10. HP: 76/77 MP: 17/22
  5946 | D:6      | Found Limiss's Sacrilege Store.
  6064 | D:6      | Found Lanasm's Jewellery Shop.
  6459 | D:7      | Found a staircase to the Ecumenical Temple.
  6480 | Temple   | Entered the Ecumenical Temple
  6679 | Temple   | Became a worshipper of Gozag Ym Sagoz the Greedy
  6798 | D:7      | Learned a level 4 spell: Sticky Flame
  6942 | D:7      | Found a glowing golden altar of the Shining One.
  6958 | D:7      | Learned a level 4 spell: Summon Lightning Spire
  8299 | D:8      | Noticed Pikel
  8318 | D:8      | Killed Pikel
  8705 | D:8      | Noticed a two-headed ogre
  8737 | D:8      | Killed a two-headed ogre
  9132 | D:9      | Found a flagged portal.
  9331 | Bailey   | Entered a bailey
  9362 | Bailey   | Reached XP level 11. HP: 42/83 MP: 19/23
  9871 | Bailey   | Found an iron altar of Okawaru.
 10398 | D:9      | Found a staircase to the Orcish Mines.
 11038 | D:10     | Entered Level 10 of the Dungeon
 11384 | D:10     | Bought the Compendium of the Desert for 672 gold pieces
 11390 | D:10     | Learned a level 5 spell: Borgnjor's Vile Clutch
 11408 | D:10     | You fall into a shaft and drop 2 floors!
 11489 | D:10     | Found a staircase to the Lair.
 11500 | D:10     | Found Piwut's Weapon Shop.
 11560 | D:10     | Noticed a two-headed ogre
 11561 | D:10     | Noticed a two-headed ogre
 11569 | D:10     | Killed a two-headed ogre
 11570 | D:10     | Killed a two-headed ogre
 11585 | D:11     | Identified the +2 pair of gloves of the Well-Known Places
                  | {Will+}
 12118 | D:10     | Noticed a centaur warrior
 12144 | D:10     | HP: 4/84 [centaur warrior/arrow (29)]
 12144 | D:10     | Shot with an arrow by a centaur warrior

Illustrated notes

Levels and vault maps discovered:
D:1:      lightli_arrival_statue_moat, layout_basic,
          dilly_ecumenical_altar_fadedgnrine
D:2:      layout_basic, serial_shops, nicolae_shop_behind_doors, hex_tiny
D:3:      layout_basic, kennysheep_jessica_study
D:4:      layout_layer_cave
D:5:      layout_rooms, minmay_fountain_box, minmay_pentangle
D:6:      layout_rooms, serial_shops, shop, nicolae_evil_shop, uniq_edmund,
          uniq_blork_the_orc
D:7:      layout_loops_cross, nicolae_overflow_crystal_walls,
          minmay_temple_entry_waves
D:8:      layout_rooms, chequers_arboretum, grunt_ministairs_8, uniq_pikel
D:9:      layout_roguey, minmay_orc_entry_temple_small, enter_bailey_5
D:10:     wad_guarded_room, layout_rooms, serial_shops, nicolae_shop_stone
D:11:     layout_roguey, serial_shops, nicolae_shop_overgrown_old_shop,
          nicolae_hepliaklqana_monster_ancestors, uniq_psyche
D:12:     layout_roguey, serial_ice, serial_ice_c, serial_ice_h, serial_ice_b,
          serial_ice_m, portal_ice_cave_rime, uniq_gastronok, uniq_jorgrun,
          uniq_sonja
Temple:   mainiacjoe_temple_starburst

Skill      XL: |  1  2  3  4  5  6  7  8  9 10 11 |
---------------+----------------------------------+-----
Spellcasting   | 5 7 8 9 |  9.1
Invocations    | 1 2 5 6 7 8 |  8.2
Fighting       | 1 2 5 6 7 |  7.5
Short Blades   | 1 2 5 6 7 |  7.5
Long Blades    | 1 2 5 6 7 |  7.5
Axes           | 1 2 5 6 7 |  7.5
Maces & Flails | 1 2 5 6 7 |  7.5
Polearms       | 1 2 5 6 7 |  7.5
Staves         | 1 2 5 6 7 |  7.5
Slings         | 1 2 5 6 7 |  7.5
Bows           | 1 2 5 6 7 |  7.5
Crossbows      | 1 2 5 6 7 |  7.5
Throwing       | 1 2 5 6 7 |  7.5
Armour         | 1 2 5 6 7 |  7.5
Shields        | 1 2 5 6 7 |  7.5
Unarmed Combat | 1 2 5 6 7 |  7.5
Evocations     | 1 2 5 6 7 |  7.5
Conjurations   | 1 4 5 6 |  6.2
Hexes          | 1 4 5 6 |  6.2
Summonings     | 1 4 5 6 |  6.2
Necromancy     | 1 4 5 6 |  6.2
Translocations | 1 4 5 6 |  6.2
Transmutations | 1 4 5 6 |  6.2
Fire Magic     | 1 4 5 6 |  6.2
Air Magic      | 1 4 5 6 |  6.2
Earth Magic    | 1 4 5 6 |  6.2
Poison Magic   | 1 4 5 6 |  6.2
Dodging        | 5 7 8 |  8.9
Stealth        | 6 7 8 |  8.6
Ice Magic      | 8 9 |  9.5

Action                   |  1- 3 |  4- 6 |  7- 9 | 10-12 || total
-------------------------+-------+-------+-------+-------++-------
Melee: Trident           |    20 |    66 |   117 |   388 ||   591
       Punch             |     1 |     1 |     2 |    20 ||    24
       Bite              |     2 |     8 |    15 |    53 ||    78
       Dagger            |    11 |       |       |       ||    11
       Unarmed           |       |       |       |     7 ||     7
 Cast: Freeze            |    32 |       |       |       ||    32
       Frozen Ramparts   |     5 |    16 |    18 |    38 ||    77
       Ozocubu's Armour  |       |     1 |     7 |    13 ||    21
       Sticky Flame      |       |       |       |     3 ||     3
       Summon Lightning  |       |       |       |     4 ||     4
       Borgnjor's Vile C |       |       |       |     1 ||     1
Invok: Call Merchant     |       |       |       |     1 ||     1
  Use: Scroll            |     5 |     1 |    11 |     8 ||    25
       Potion            |       |       |     3 |     5 ||     8
 Stab: Sleeping          |     9 |     5 |     2 |     7 ||    23
       Distracted        |       |       |     1 |     3 ||     4
Armor: Robe              |     6 |     4 |       |       ||    10
       Leather armour    |       |    11 |    68 |   226 ||   305
Dodge: Dodged            |    30 |    40 |   105 |   451 ||   626

Table legend: (Time is in decaauts)
 A = Elapsed time spent in this place.
 B = Non-inter-level travel time spent in this place.
 C = Inter-level travel time spent in this place.
 D = Time resting spent in this place.
 E = Time spent auto-exploring this place.
 F = Levels seen in this place.
 G = Mean time per level.
                   A        B        C        D        E       F      G
               +--------+--------+--------+--------+--------+-----+--------+
         Total |  12168 |  11916 |    252 |   4043 |   3796 |  14 |  869.1 |
       Dungeon |  11267 |  11074 |    193 |   3695 |   3640 |  12 |  938.9 |
        Temple |    258 |    199 |     59 |      0 |    150 |   1 |  258.0 |
        Bailey |    642 |    642 |      0 |    348 |      6 |   1 |  642.0 |
               +--------+--------+--------+--------+--------+-----+--------+

Top non-repeatable levels by time:
     D:7: 1438 daAuts
     D:1: 1378 daAuts
     D:9: 1350 daAuts
     D:5: 1303 daAuts
     D:3: 1131 daAuts
     D:4: 1080 daAuts
     D:8: 1052 daAuts
     D:2: 818 daAuts
    D:10: 683 daAuts
  Bailey: 642 daAuts
     D:6: 612 daAuts
    D:11: 407 daAuts
  Temple: 258 daAuts
    D:12: 11 daAuts
